Map: Frozen Temple

Players

blackxored

  • Race: Zerg Zerg
  • League: Diamond

CastorTroy - Winner!

  • Race: Terran Terran
  • League: Platinum

VOD

Have the link to the VOD?

Description

Time

  • Played on: June 30, 2016, 5:15 p.m.
  • Length: 8:51
Show
View Real Time Build Order
Export as new Build Order

blackxored Zerg 

Build Orders: Hatch First 

Get SALT Encoding   

  12  0:01  Drone  
  13  0:09  Drone  
  14  0:19  Overlord  
  14  0:23  Extractor  
  14  0:24  Drone  
  15  0:41  Drone x2  
  17  0:54  Hatchery  
  17  0:56  Drone  
  17  0:59  Drone  
  18  1:10  Extractor  
  17  1:15  Spawning Pool  
  16  1:18  Drone  
  16  1:23  Drone  
  18  1:28  Drone  
  19  1:39  Overlord  
  19  1:51  Drone  
  20  2:05  Queen  
  20  2:06  Zergling x2, Queen  
  20  2:07  Zergling x2  
  26  2:12  Zergling x2  
  26  2:14  Metabolic Boost  
  27  2:21  Drone x2  
  29  2:29  Extractor  
  29  2:37  Hatchery  
  27  2:46  Drone  
  28  2:51  Pneumatized Carapace  
  28  3:00  Queen  
  28  3:04  Overlord  
  30  3:09  Drone  
  30  3:12  Drone  
  32  3:23  Zergling x8  
  35  3:43  Drone x7  
  42  3:56  Drone  
  42  3:57  Drone x2  
  45  4:11  Drone x2  
  45  4:14  Queen  
  49  4:17  Overlord  
  49  4:25  Queen  
  49  4:29  Queen  
  47  4:35  Zergling x6  
  47  4:36  Zergling x14  
  57  4:41  Drone  
  58  4:54  Spore Crawler  
  58  4:56  Zergling x2  
  53  5:20  Drone  
  53  5:21  Drone x4  
  58  5:30  Overlord x4  
  58  5:32  Lair  
  56  5:51  Spore Crawler  
  56  5:55  Drone x4  
  56  5:56  Drone x2  
  61  5:59  Extractor  
  61  6:02  Drone  
  61  6:03  Drone x2, Spore Crawler  
  62  6:07  Extractor  
  62  6:08  Extractor  
  60  6:12  Drone, Evolution Chamber  
  60  6:13  Drone x2  
  60  6:14  Baneling Nest  
  60  6:16  Zergling x8  
  65  6:22  Queen  
  66  6:37  Drone x9  
  75  6:40  Queen  
  75  6:43  Drone  
  78  6:50  Hatchery  
  77  6:58  Hatchery  
  76  7:09  Drone x8  
  76  7:12  Extractor  
  76  7:14  Extractor  
  76  7:15  Centrifical Hooks  
  82  7:16  Evolution Chamber  
  82  7:22  Drone x4  
  85  7:36  Drone x3  
  88  7:45  Baneling x17  
  88  7:47  Zergling x2  
  83  8:08  Zergling x28  
Show
View Real Time Build Order
Export as new Build Order

CastorTroy Terran - Winner!

Build Orders: Reaper Expand 

Get SALT Encoding   

  12  0:00  SCV  
  13  0:12  SCV  
  14  0:19  Supply Depot  
  14  0:24  SCV  
  15  0:40  SCV  
  15  0:42  Barracks  
  16  0:45  Refinery  
  16  0:52  SCV  
  17  1:04  SCV  
  18  1:17  SCV  
  19  1:29  Orbital Command  
  19  1:30  Reaper  
  20  1:43  Command Center  
  20  1:53  Supply Depot  
  20  1:55  SCV  
  21  2:07  Barracks Reactor, SCV  
  22  2:10  Barracks  
  22  2:20  SCV  
  23  2:29  Factory, Refinery  
  23  2:49  Marine x2  
  23  2:50  SCV  
  26  3:00  Barracks Tech Lab  
  26  3:02  SCV  
  26  3:04  Orbital Command  
  27  3:08  Supply Depot  
  27  3:09  Marine x2  
  29  3:17  Widow Mine  
  31  3:21  SCV  
  31  3:22  Starport  
  31  3:24  Marauder  
  34  3:27  Marine x2  
  35  3:42  SCV  
  35  3:45  Marine x3  
  35  3:48  Factory Reactor  
  39  3:57  Supply Depot  
  39  4:00  Medivac  
  39  4:02  Marine x2, SCV  
  42  4:03  Refinery, Marine, SCV  
  46  4:15  SCV  
  47  4:20  Marine x2  
  48  4:36  Marine  
  49  4:45  SCV  
  49  4:47  Engineering Bay  
  49  4:48  SCV  
  49  4:49  Command Center, Factory Reactor  
  49  4:50  Barracks  
  51  4:58  SCV  
  47  5:11  Liberator  
  47  5:14  Marine  
  47  5:15  Marine x2, SCV  
  47  5:16  SCV  
  47  5:18  Stimpack  
  47  5:21  Terran Infantry Weapons Level 1  
  52  5:26  Medivac  
  52  5:28  SCV  
  55  5:33  Marauder, Widow Mine  
  62  5:48  SCV  
  62  5:57  Barracks Reactor  
  62  6:00  Marine, Widow Mine  
  62  6:01  Medivac, SCV x2  
  62  6:02  Supply Depot x2  
  69  6:04  Supply Depot  
  69  6:10  Marine x2  
  71  6:18  Marine  
  72  6:28  Marauder  
  71  6:33  Barracks  
  71  6:34  Barracks, SCV  
  71  6:36  Barracks  
  71  6:37  Orbital Command  
  72  6:56  Refinery  
  72  6:57  Refinery  
  72  6:58  Marine, Marauder  
  72  6:59  Marine x2  
  72  7:00  Marine, Widow Mine x2  
  82  7:15  Marine  
  82  7:17  Marine x2  
  82  7:18  SCV  
  82  7:20  Marauder  
  88  7:23  SCV  
  88  7:26  Supply Depot x3  
  89  7:31  Armory  
  89  7:41  Marauder  
  89  8:04  Marine x3  
  89  8:05  Marauder  
  84  8:13  Marine  
  85  8:22  Marine  
  85  8:26  Marauder  
  88  8:30  Marine x2  
  88  8:31  Marine  
Tags
 
Add a new tag
Caveats
  • Supply blocks, unpowered buildings, or Contaminate may cause inaccurate times.
  • Supply counts are checked every 10 seconds.